 Dungeon Crawl Stone Soup version 0.30-a0-1018-g25214051b3 (webtiles) character file.

Game seed: 16052307654171260448

1385 promet the Covered (level 8, -7/94 HPs)
             Began as a Minotaur Fighter on Apr 7, 2023.
             Was a Believer of Hepliaklqana.
             Mangled by a hornet (10 damage)
             ... on level 7 of the Dungeon.
             The game lasted 00:24:43 (6699 turns).

promet the Covered (Minotaur Fighter)               Turns: 6699, Time: 00:24:44

Health: -7/94      AC: 14    Str: 22    XL:     8   Next: 40%
Magic:  7/7        EV:  7    Int:  7    God:    Hepliaklqana [**....]
Gold:   303        SH:  8    Dex:  9    Spells: 7/7 levels left

rFire   . . .      SeeInvis .    a - +2 war axe (flame)
rCold   . . .      Faith    .    y - +0 kite shield
rNeg    . . .      Spirit   .    x - +0 chain mail
rPois   .          Reflect  .    (helmet restricted)
rElec   .          Rampage  .    f - +1 cloak
rCorr   .                        (no gloves)
Will    .....                    j - +0 pair of boots Stlth
                                 (no amulet)
HPRegen 0.35/turn                (no ring)
MPRegen 0.10/turn                (no ring)

@: berserking (expiring), lethally poisoned (-7 -> -11), slowed
A: reduced essence, horns 2, retaliatory headbutt
a: Renounce Religion, Recall Ancestor, Ancestor Identity


You were on level 7 of the Dungeon.
You worshipped Hepliaklqana.
Hepliaklqana was pleased with you.
You visited 1 branch of the dungeon, and saw 7 of its levels.

You collected 303 gold pieces.

Inventory:

Hand Weapons
 a - a +2 war axe of flaming (weapon)
 b - a +0 sling
 w - a +0 flail
 A - a +0 rapier
 C - a +0 long sword
Missiles
 i - 67 stones (quivered)
 l - 12 poisoned darts
 z - 2 javelins
Armour
 c - a +0 buckler
 f - a +1 cloak (worn)
 j - a +0 pair of boots (worn)
 m - a +0 scale mail
 x - a +0 chain mail (worn)
 y - a +0 kite shield (worn)
Jewellery
 h - a +6 ring of dexterity
 B - a ring of resist corrosion
Wands
 d - a wand of roots (7)
 t - a wand of flame (24)
 G - a wand of digging (5)
Scrolls
 e - 3 scrolls of teleportation
 g - 2 scrolls of blinking
 k - a scroll of magic mapping
 n - a scroll of enchant armour
 E - a scroll of poison
 F - a scroll of immolation {unknown}
 H - a scroll of torment {unknown}
Potions
 o - 3 potions of attraction
 p - 2 potions of invisibility {unknown}
 q - a potion of mutation {unknown}
 r - 3 potions of curing {unknown}
 s - 2 potions of heal wounds
 u - 4 potions of flight
 v - a potion of lignification {unknown}
 D - a potion of haste {unknown}


   Skills:
 + Level 5.7 Fighting
 + Level 5.3 Long Blades
 + Level 4.2 Axes
 + Level 2.2 Ranged Weapons
 + Level 7.9 Armour
 + Level 2.2 Dodging
 + Level 0.8 Stealth
 + Level 5.8 Shields


You had 7 spell levels left.
You didn't know any spells.
Your spell library contained the following spells:

 Spells                   Type           Power      Damage    Failure   Level
 Magic Dart               Conj           0%         1d3       100%        1
 Momentum Strike          Conj/Tloc      0%         3d8       100%        2
 Scorch                   Fire           0%         2d5       100%        2
 Searing Ray              Conj           0%         2d4       100%        2
 Volatile Blastmotes      Fire/Tloc      0%         2d10      100%        3
 Cause Fear               Hex            0%         N/A       100%        4
 Flame Wave               Conj/Fire      0%         2d4       100%        4
 Fulminant Prism          Conj/Hex       0%         3d5       100%        4
 Dispersal                Tloc           0%         N/A       100%        6
 Summon Cactus Giant      Summ           0%         N/A       100%        6
 Dragon Form              Tmut           0%         N/A       100%        7
 Disjunction              Tloc           0%         N/A       100%        8
 Dragon's Call            Summ           0%         N/A       100%        9


Dungeon Overview and Level Annotations

Branches:
Dungeon (7/15)             Temple (0/1) D:6

Altars:
Ashenzari
Elyvilon
Gozag
Hepliaklqana
Makhleb
Nemelex Xobeh
Sif Muna
Wu Jian
Zin
The Shining One


Innate Abilities, Weirdness & Mutations

Your life essence is reduced to manifest your ancestor. (-10% HP)
You have a pair of horns on your head.
You reflexively headbutt those who attack you in melee.


Message History

There is a stone staircase leading up, spattered with blood here.
A red film seems to cover your vision as you go berserk!
You feel yourself moving faster!
You feel mighty!
You feel sick.
Mettia blocks the wyvern's attack.
The hornet stings you.
* * * LOW HITPOINT WARNING * * *
You are more poisoned.
You feel as though you will be slow longer.
Mettia barely misses the hornet.
You block the orc priest's attack.
The wyvern closely misses Mettia.
You block the hornet's attack.
You barely miss the hornet. You hit the orc priest. You burn the orc priest.
You feel very sick.
The wyvern bites Mettia but does no damage.
You block the hornet's attack.
The orc priest hits you with a +0 dagger.
* * * LOW HITPOINT WARNING * * *
Mettia blocks the orc's attack.
Mettia hits the hornet with a +0 flail!
The hornet stings you!
* * * LOW HITPOINT WARNING * * *
You feel as though you will be slow longer.
The wyvern bites Mettia.
Mettia is destroyed!
You block the orc priest's attack.
You are too berserk!
You closely miss the orc priest.
The orc priest is severely wounded.
You barely miss the hornet.
* * * LOW HITPOINT WARNING * * *
You feel very sick. You block the hornet's attack.
The hornet barely misses you.
The orc priest hits you but does no damage.
* * * LOW HITPOINT WARNING * * *
You feel sick. You block the hornet's attack.
The orc priest hits you but does no damage.
The hornet barely misses you.
You closely miss the hornet.
The hornet is moderately wounded.
You closely miss the orc priest.
* * * LOW HITPOINT WARNING * * *
You feel sick. The hornet stings you!
You die...

....#.....## .
.....[.....#..
.##...........##
..#.......##.#).
.....$....# #... ##
..........# ##..##.##
.##.......# #.......#
........l.# #.....###
...##...#.## #@<....#
...#....#.R#####yo....#
......###...##..ol...##
.......#.............#
.....................#
...................#...
..................##....
................### ..#.
...##............# #


You could see a hornet, a wyvern, an orc priest and an orc.

Vanquished Creatures
  Prince Ribbit (D:6)
  Menkaure (D:4)
  A sky beast (D:7)
  An ice beast (D:6)
  Blork the orc (D:4)
  2 orc priests (D:5)
  4 hounds
  3 jellies
  5 orc wizards
  An iguana (D:5)
  4 adders
  2 worms
  2 dart slugs
  9 orcs
  A bat (D:3)
  7 endoplasms
  6 giant cockroaches
  6 goblins
  10 hobgoblins
  6 jackals
  6 kobolds
  3 quokkas
  7 ball pythons
  3 frilled lizards
  4 rats
96 creatures vanquished.

Vanquished Creatures (collateral kills)
  A black bear (D:5)
  A scorpion (D:6)
  A sleepcap (D:5)
  2 orc wizards
  2 gnolls (D:5)
  An adder (D:5)
  5 orcs
  A kobold (D:4)
14 creatures vanquished.

Vanquished Creatures (others)
  An ancestor (D:5)
  A knight (D:7)
  2 plants (D:1)
4 creatures vanquished.

Grand Total: 114 creatures vanquished

Notes
Turn   | Place    | Note
-------+----------+-------------------------------------------
     0 | D:1      | promet the Minotaur Fighter began the quest for the Orb.
     0 | D:1      | Reached XP level 1. HP: 19/19 MP: 0/0
   258 | D:1      | Reached XP level 2. HP: 27/27 MP: 1/1
   396 | D:1      | Reached skill level 4 in Armour
   823 | D:1      | Reached XP level 3. HP: 32/33 MP: 2/2
  1190 | D:1      | Found a faded altar of an unknown god.
  1699 | D:2      | Reached XP level 4. HP: 40/40 MP: 3/3
  2518 | D:3      | Found a hazy altar of Hepliaklqana.
  2519 | D:3      | Found a faded altar of an unknown god.
  2527 | D:3      | Became a worshipper of Hepliaklqana the Forgotten
  3332 | D:4      | Reached XP level 5. HP: 37/47 MP: 4/4
  3629 | D:4      | Found an opulent altar of Gozag.
  3648 | D:4      | Reached * piety under Hepliaklqana
  3654 | D:4      | Reached skill level 5 in Armour
  3663 | D:4      | Reached skill level 1 in Ranged Weapons
  3747 | D:4      | Noticed Menkaure
  3755 | D:4      | Killed Menkaure
  3756 | D:4      | Reached skill level 1 in Dodging
  3756 | D:4      | Reached XP level 6. HP: 46/47 MP: 5/5
  3824 | D:4      | Found a shimmering blue altar of Sif Muna.
  3832 | D:4      | Reached skill level 5 in Long Blades
  3959 | D:4      | Noticed Blork the orc
  3969 | D:4      | Killed Blork the orc
  3970 | D:4      | Reached skill level 6 in Armour
  4321 | D:4      | Found a broken altar of Ashenzari.
  4322 | D:4      | Found a sparkling altar of Nemelex Xobeh.
  4324 | D:4      | Found a burning altar of Makhleb.
  4325 | D:4      | Found a glowing silver altar of Zin.
  4386 | D:5      | Entered Level 5 of the Dungeon
  4391 | D:5      | Reached skill level 5 in Shields
  4391 | D:5      | Reached XP level 7. HP: 54/54 MP: 6/6
  4401 | D:5      | Reached skill level 5 in Fighting
  5132 | D:5      | Reached skill level 1 in Axes
  5180 | D:5      | Found an ornate altar of the Wu Jian Council.
  5185 | D:5      | Noticed a spectral centipede
  5185 | D:5      | Noticed a spectral black mamba
  5185 | D:5      | Noticed a spectral cane toad
  5629 | D:5      | Found a white marble altar of Elyvilon.
  5638 | D:5      | Reached skill level 7 in Armour
  5703 | D:6      | Reached ** piety under Hepliaklqana
  5704 | D:6      | Remembered your ancestor Mettia as a knight
  5882 | D:6      | Got the Folio of Topology
  5926 | D:6      | Noticed Prince Ribbit
  5947 | D:6      | Killed Prince Ribbit
  5948 | D:6      | Reached XP level 8. HP: 51/62 MP: 7/7
  6177 | D:6      | Found a staircase to the Ecumenical Temple.
  6289 | D:6      | Found a glowing golden altar of the Shining One.
  6678 | D:7      | Noticed a hornet
  6690 | D:7      | Paralysed by a hornet for 1 turns
  6699 | D:7      | HP: 3/94 [poisoned by a hornet]
  6699 | D:7      | Mangled by a hornet

Illustrated notes

Levels and vault maps discovered:
D:1:      zaba_arrival_water, layout_loops_corners,
          chequers_ecumenical_altar_grove, serial_bayou_lake_a
D:2:      layout_loops_ring
D:3:      minmay_door_path, layout_loops_cross,
          beargit_hepliaklqana_dungeon_heroes
D:4:      layout_basic, tgw_sif, grunt_gozag_statues, minitemple,
          uniq_blork_the_orc, uniq_menkaure
D:5:      layout_loops_ring, nicolae_elyvilon_temple_path,
          pdpol_wu_jian_five_deadly_venoms, palyth_stone_intersect,
          dreamdust_gnoll_farm
D:6:      layout_cave_pools, marbit_many_paths, minmay_temple_entry_fiery,
          chequers_jeans, minmay_stone_trees_small, uniq_prince_ribbit1
D:7:      layout_cave_pools

Skill      XL: |  1  2  3  4  5  6  7  8 |
---------------+-------------------------+-----
Shields        | 4 5 |  5.8
Armour         | 4 5 6 7 |  7.9
Fighting       | 4 5 |  5.7
Long Blades    | 3 4 5 |  5.3
Ranged Weapons | 1 2 |  2.2
Dodging        | 1 2 |  2.2
Axes           | 3 4 |  4.2
Stealth        | |  0.8

Action                     |  1- 3 |  4- 6 |  7- 9 || total
---------------------------+-------+-------+-------++-------
  Melee: Long sword        |   106 |   109 |       ||   215
         Headbutt          |    14 |    20 |    12 ||    46
         War axe           |       |    15 |    58 ||    73
   Fire: Sling             |       |     9 |     2 ||    11
  Throw: Dart              |       |     1 |       ||     1
         Stone             |       |       |     1 ||     1
 Invoke: Recall Ancestor   |       |       |     1 ||     1
         Ancestor Life: Kn |       |       |     1 ||     1
  Evoke: Wand              |       |     1 |       ||     1
    Use: Scroll            |     3 |     7 |     1 ||    11
         Potion            |       |     1 |     3 ||     4
 Armour: Scale mail        |    48 |     4 |       ||    52
         Chain mail        |       |    84 |    36 ||   120
  Dodge: Dodged            |    43 |    26 |    21 ||    90
  Block: Buckler           |    26 |     3 |       ||    29
         Kite shield       |       |    42 |    38 ||    80

Table legend: (Time is in decaauts)
 A = Elapsed time spent in this place.
 B = Non-inter-level travel time spent in this place.
 C = Inter-level travel time spent in this place.
 D = Time resting spent in this place.
 E = Time spent auto-exploring this place.
 F = Levels seen in this place.
 G = Mean time per level.
                   A        B        C        D        E       F      G
               +--------+--------+--------+--------+--------+-----+--------+
         Total |   6869 |   6575 |    294 |   1098 |   2733 |   7 |  981.3 |
       Dungeon |   6869 |   6575 |    294 |   1098 |   2733 |   7 |  981.3 |
               +--------+--------+--------+--------+--------+-----+--------+

Top non-repeatable levels by time:
     D:4: 1567 daAuts
     D:1: 1451 daAuts
     D:3: 1241 daAuts
     D:5: 976 daAuts
     D:6: 884 daAuts
     D:2: 583 daAuts
     D:7: 164 daAuts
